 Dungeon Crawl Stone Soup version 0.30-a0-250-g41c1d76940 (webtiles) character file.

Game seed: 5606030448442827285

110 gzilladon the Chopper (level 4, -2/34 (38) HPs)
             Began as a Gnoll Reaver on Oct 12, 2022.
             Slain by an orc
             ... wielding a +0 whip of flaming
              (3 damage)
             ... on level 3 of the Dungeon.
             The game lasted 00:08:11 (2636 turns).

gzilladon the Chopper (Gnoll Reaver)                Turns: 2636, Time: 00:08:11

HP:   -2/34 (38)    AC:  4    Str: 13    XL:     4   Next: 91%
MP:   11/11         EV: 12    Int: 12    God:
Gold: 139           SH:  0    Dex: 11    Spells: 9/13 levels left

rFire   . . .      SeeInvis .    a - +0 hand axe
rCold   . . .      Faith    .    (no shield)
rNeg    . . .      Spirit   .    b - +0 leather armour
rPois   .          Reflect  .    (no helmet)
rElec   .          Harm     .    k - +0 cloak
rCorr   .          Rampage  .    (no gloves)
Will    .....                    (no boots)
Stlth   +.........               (no amulet)
HPRegen 0.25/turn                (no ring)
MPRegen 0.12/turn                (no ring)

@: heavily drained
A: fangs 1, strong nose, distributed training
a: no special abilities


You were on level 3 of the Dungeon.
You visited 1 branch of the dungeon, and saw 3 of its levels.

You collected 139 gold pieces.

Inventory:

Hand Weapons
 a - a +0 hand axe (weapon)
Missiles
 d - 45 stones
 p - 4 poisoned darts
Armour
 b - a +0 leather armour (worn)
 k - a +0 cloak (worn)
Jewellery
 l - an amulet of the acrobat
Scrolls
 c - a scroll of vulnerability {unknown}
 e - a scroll of fog {unknown}
 f - a scroll of noise {unknown}
 h - 4 scrolls of teleportation {unknown}
 i - a scroll of enchant weapon {unknown}
 m - 2 scrolls of immolation {unknown}
 n - 4 scrolls of identify {unknown}
 q - a scroll of silence {unknown}
 s - a scroll of fear {unknown}
Potions
 g - 3 potions of heal wounds {unknown}
 j - a potion of curing {unknown}
 o - a potion of might {unknown}
 r - a potion of flight {unknown}


   Skills:
 + Level 4.7 Fighting
 + Level 1.3 Short Blades
 + Level 1.3 Long Blades
 + Level 6.6 Axes
 + Level 1.3 Maces & Flails
 + Level 1.3 Polearms
 + Level 1.3 Staves
 + Level 1.3 Ranged Weapons
 + Level 1.3 Throwing
 + Level 1.3 Armour
 + Level 4.7 Dodging
 + Level 1.3 Stealth
 + Level 1.3 Shields
 + Level 1.3 Unarmed Combat
 + Level 5.1 Spellcasting
 + Level 5.5 Conjurations
 + Level 1.1 Hexes
 + Level 1.1 Summonings
 + Level 1.1 Necromancy
 + Level 1.1 Translocations
 + Level 1.1 Transmutations
 + Level 1.1 Fire Magic
 + Level 1.1 Ice Magic
 + Level 1.1 Air Magic
 + Level 1.1 Earth Magic
 + Level 1.1 Poison Magic
 + Level 1.5 Invocations
 + Level 1.3 Evocations


You had 9 spell levels left.
You knew the following spells:

 Your Spells              Type           Power      Damage    Failure   Level
a - Kiss of Death         Conj/Necr      44%        2d8       6%          1
b - Hailstorm             Conj/Ice       11%        3d5       19%         3

Your spell library contained the following spells:

 Spells                   Type           Power      Damage    Failure   Level
 Momentum Strike          Conj/Tloc      22%        3d8       10%         2


Dungeon Overview and Level Annotations

Branches:
Dungeon (3/15)

Altars:


Innate Abilities, Weirdness & Mutations

You have very sharp teeth.
Your uncanny sense of smell can sniff out nearby items.
Your experience applies equally to all skills.


Message History

The bat is severely wounded.
The bat barely misses you. The bat closely misses you.
You closely miss the bat.
The bat is severely wounded.
The bat misses you. x2
You barely miss the bat. You bite the bat.
You kill the bat!
There is an open door here.
There is an open door here.
An orc comes into view. It is wielding a +0 hand axe.
The orc shouts!
You hear a shout!
An orc comes into view. It is wielding a +0 whip of flaming.
The orc shouts!
An orc priest comes into view. It is wielding a +0 trident.
You barely miss the orc. The orc hits you with a +0 hand axe.
You closely miss the orc. You bite the orc, but do no damage.
The orc barely misses you.
The orc priest calls down the wrath of Beogh upon you.
Beogh smites you!
You hit the orc.
The orc is severely wounded.
The orc hits you with a +0 hand axe.
You hit the orc.
You kill the orc!
You closely miss the orc.
The orc hits you with a +0 whip of flaming.
The orc burns you.
Found a stone staircase leading up.
The orc priest hits you from afar with a +0 trident.
* * * LOW HITPOINT WARNING * * *
The orc hits you with a +0 whip of flaming.
* * * LOW HITPOINT WARNING * * *
The orc burns you.
* * * LOW HITPOINT WARNING * * *
Things that are here:
a +0 hand axe; an orc corpse
Found 9 gold pieces.
Found a stone staircase leading down.
The orc priest barely misses you.
The orc hits you with a +0 whip of flaming.
You die...

...$...# ##.<.... ......>
....... .......#. ##### #..
.... #... #o###.# ..#
#@....# ..# ###### #)o...#
..# #....# #.###.####### ..#
#.##.# #.##........#
..#######.##.###.##..#####.#
#.........##.....#..## #.#
#..............###..# #.#
.........#.....###..# #.#
........))))...'....# #.#


You could see an orc priest and an orc.

Vanquished Creatures
  A gnoll (D:1)
  5 adders
  2 worms (D:2)
  5 orcs (D:3)
  A ball python (D:2)
  4 bats
  2 endoplasms
  3 giant cockroaches
  4 goblins (D:1)
  5 hobgoblins
  2 jackals (D:1)
  2 quokkas (D:1)
  A frilled lizard (D:1)
  5 kobolds
  3 rats
45 creatures vanquished.

Notes
Turn   | Place    | Note
-------+----------+-------------------------------------------
     0 | D:1      | gzilladon the Gnoll Reaver began the quest for the Orb.
     0 | D:1      | Reached XP level 1. HP: 20/20 MP: 6/6
   150 | D:1      | Reached XP level 2. HP: 22/26 MP: 7/7
   689 | D:1      | Reached skill level 5 in Spellcasting
   689 | D:1      | Reached XP level 3. HP: 10/31 MP: 7/9
   967 | D:1      | Reached skill level 1 in Invocations
  1133 | D:2      | Learned a level 3 spell: Hailstorm
  1177 | D:2      | Reached skill level 1 in Short Blades
  1177 | D:2      | Reached skill level 1 in Long Blades
  1177 | D:2      | Reached skill level 1 in Maces & Flails
  1177 | D:2      | Reached skill level 1 in Polearms
  1177 | D:2      | Reached skill level 1 in Staves
  1177 | D:2      | Reached skill level 1 in Ranged Weapons
  1177 | D:2      | Reached skill level 1 in Throwing
  1177 | D:2      | Reached skill level 1 in Armour
  1177 | D:2      | Reached skill level 1 in Stealth
  1177 | D:2      | Reached skill level 1 in Shields
  1177 | D:2      | Reached skill level 1 in Unarmed Combat
  1177 | D:2      | Reached skill level 1 in Evocations
  1494 | D:2      | Reached XP level 4. HP: 21/38 MP: 11/11
  1602 | D:2      | Found a faded altar of an unknown god.
  1789 | D:2      | Reached skill level 1 in Hexes
  1789 | D:2      | Reached skill level 1 in Summonings
  1789 | D:2      | Reached skill level 1 in Necromancy
  1789 | D:2      | Reached skill level 1 in Translocations
  1789 | D:2      | Reached skill level 1 in Transmutations
  1789 | D:2      | Reached skill level 1 in Fire Magic
  1789 | D:2      | Reached skill level 1 in Ice Magic
  1789 | D:2      | Reached skill level 1 in Air Magic
  1789 | D:2      | Reached skill level 1 in Earth Magic
  1789 | D:2      | Reached skill level 1 in Poison Magic
  2635 | D:3      | HP: 1/34 [orc/+0 whip of flaming (2)]
  2636 | D:3      | Slain by an orc

Illustrated notes

Levels and vault maps discovered:
D:1:      scummos_arrival_hexagon, layout_loops_ring
D:2:      layout_loops_ring, ebering_ecumenical_altar_mist
D:3:      layout_basic

Skill      XL: |  1  2  3  4 |
---------------+-------------+-----
Spellcasting   | 5 |  5.1
Invocations    | 1 |  1.5
Short Blades   | 1 |  1.3
Long Blades    | 1 |  1.3
Maces & Flails | 1 |  1.3
Polearms       | 1 |  1.3
Staves         | 1 |  1.3
Ranged Weapons | 1 |  1.3
Throwing       | 1 |  1.3
Armour         | 1 |  1.3
Stealth        | 1 |  1.3
Shields        | 1 |  1.3
Unarmed Combat | 1 |  1.3
Evocations     | 1 |  1.3
Hexes          | 1 |  1.1
Summonings     | 1 |  1.1
Necromancy     | 1 |  1.1
Translocations | 1 |  1.1
Transmutations | 1 |  1.1
Fire Magic     | 1 |  1.1
Ice Magic      | 1 |  1.1
Air Magic      | 1 |  1.1
Earth Magic    | 1 |  1.1
Poison Magic   | 1 |  1.1
Fighting       | |  4.7
Axes           | |  6.6
Dodging        | |  4.7
Conjurations   | |  5.5

Action                   |  1- 3 |  4- 6 || total
-------------------------+-------+-------++-------
Melee: Hand axe          |   152 |    60 ||   212
       Bite              |    18 |     8 ||    26
       Punch             |     1 |       ||     1
 Cast: Hailstorm         |       |     1 ||     1
       Kiss of Death     |       |     1 ||     1
Armor: Leather armour    |    36 |    15 ||    51
Dodge: Dodged            |   107 |    46 ||   153

Table legend: (Time is in decaauts)
 A = Elapsed time spent in this place.
 B = Non-inter-level travel time spent in this place.
 C = Inter-level travel time spent in this place.
 D = Time resting spent in this place.
 E = Time spent auto-exploring this place.
 F = Levels seen in this place.
 G = Mean time per level.
                   A        B        C        D        E       F      G
               +--------+--------+--------+--------+--------+-----+--------+
         Total |   2628 |   2241 |    387 |    405 |      0 |   3 |  876.0 |
       Dungeon |   2628 |   2241 |    387 |    405 |      0 |   3 |  876.0 |
               +--------+--------+--------+--------+--------+-----+--------+

Top non-repeatable levels by time:
     D:1: 1004 daAuts
     D:2: 1000 daAuts
     D:3: 623 daAuts
